Map: Dead of Night

Players

NamroodTuo

  • Race: Zerg Zerg

Zero

  • Race: Zerg Zerg
  • Spawn Location: 0:00

VOD

Have the link to the VOD?

Description

Time

  • Played on: June 17, 2023, 5:23 a.m.
  • Length: 27:25
Show
View Real Time Build Order
Export as new Build Order

NamroodTuo Zerg 

Build Orders:  

Get SALT Encoding   

  12  0:03  Infested SCV  
  13  0:13  Infested SCV  
  13  0:18  Infested SCV  
  15  0:36  Infested Barracks  
  15  0:47  Overlord  
  15  1:13  Infested SCV  
  15  1:18  Infested SCV  
  17  1:24  Infested SCV  
  17  1:29  Infested SCV  
  19  1:38  Infestation Level 1  
  19  1:45  Infested Refinery  
  19  1:49  Overlord  
  19  1:56  Infested SCV  
  20  2:12  Infested Engineering Bay  
  20  2:14  Infested SCV  
  21  2:25  Infested SCV  
  22  2:48  Infested Bunker  
  26  2:57  Infested Refinery  
  26  2:58  Infested SCV  
  27  3:06  Overlord  
  27  3:46  Infested Bunker  
  27  3:48  Infested SCV  
  32  3:51  Infested SCV  
  32  3:54  Infested SCV  
  33  4:37  Infested SCV  
  33  4:38  Infested SCV  
  35  4:40  Infested SCV  
  36  4:51  Infested Refinery  
  36  5:00  Overlord  
  36  5:06  Stukov Infantry Weapons Level 1  
  36  5:10  Infested SCV  
  37  5:26  Infested Barracks Tech Lab  
  37  5:35  Infested Bunker  
  37  5:37  Infested SCV  
  37  5:39  Overlord  
  42  5:53  Infested SCV  
  43  6:02  Retinal Augmentation  
  43  6:16  Infestation Level 2  
  43  6:22  Infested SCV  
  44  6:36  Infested Factory  
  44  6:37  Infested SCV  
  45  6:47  Infested SCV  
  46  7:02  Plagued Munitions  
  46  7:23  Overlord, Infested SCV  
  47  7:31  Infested SCV  
  47  7:39  Unknown  
  48  7:46  Stukov Infantry Armor Level 1  
  48  7:54  Infested SCV  
  53  8:00  Infested Bunker  
  53  8:16  Anaerobic Enhancement  
  57  8:22  Infested Bunker  
  57  8:25  Overseer x3  
  57  8:26  Overseer x2  
  57  8:31  Overlord  
  57  9:16  Overseer, Broodling Gestation  
  57  9:40  Infested SCV  
  57  9:41  Overlord, Infested SCV  
  57  9:42  Overlord  
  57  9:43  Infested SCV  
  64  9:50  Infested Bunker  
  64  10:10  Infested SCV  
  64  10:12  Overlord  
  65  10:26  Stukov Infantry Weapons Level 2  
  65  10:46  Infested Factory Tech Lab  
  65  10:49  Infested SCV  
  66  10:58  Infested Missile Turret  
  70  11:11  Infested Bunker  
  70  11:27  Infested Missile Turret  
  69  11:43  Infested Siege Tank  
  69  11:44  Infested Siege Tank x3  
  69  11:48  Infested Bunker  
  85  12:16  Infested Bunker  
  89  12:55  Infested Missile Turret  
  89  13:15  Infested SCV x2  
  89  13:17  Infested Bunker  
  95  13:23  Infested Armory  
  95  13:32  Overlord x2  
  95  13:33  Overlord x2  
  95  13:36  Regenerative Plating  
  95  14:04  Infested Bunker  
  99  14:23  Infested Bunker  
  99  14:29  Infested Siege Tank  
  106  14:35  Aggressive Incubation  
  106  14:36  Stukov Infantry Armor Level 2  
  106  14:59  Infested Missile Turret  
  106  15:24  Infested Siege Tank x2  
  112  15:30  Infested Marine  
  112  15:31  Infested Marine x11  
  112  15:32  Infested Marine x2  
  112  15:33  Infested Missile Turret  
  126  16:10  Infested Missile Turret  
  120  16:37  Overseer x2  
  120  16:38  Overseer x3  
  116  16:54  Infested Bunker  
  116  17:10  Infested Siege Tank x3  
  116  17:14  Overlord x5  
  125  17:30  Infested Marine  
  125  17:31  Infested Marine  
  125  17:39  Infested Barracks  
  127  17:46  Calcified Armor  
  127  17:55  Infested Marine  
  127  17:56  Infested Marine x14  
  137  19:14  Infested Bunker  
  136  19:20  Infested Bunker  
  136  19:22  Infested Siege Tank x4  
  145  19:39  Infestation Level 3  
  145  20:21  Infested Marine x5  
  145  20:22  Infested Marine x12  
  162  20:48  Infested Bunker  
  166  21:05  Infested Barracks Tech Lab  
  166  21:29  Overlord x2  
  166  21:30  Overlord x3  
  166  21:33  Overseer  
  166  21:34  Overseer x3  
  164  21:46  Stukov Infantry Armor Level 3  
  164  21:49  Stukov Vehicle and Ship Armor Level 1  
  149  24:29  Stukov Vehicle and Ship Weapons Level 1  
  149  25:12  Saturated Cultures  
  149  26:20  Infested Marine x6  
  149  26:21  Infested Marine x21  
  149  26:22  Infested Marine x13  
Show
View Real Time Build Order
Export as new Build Order

Zero Zerg 

Build Orders:  

Get SALT Encoding   

  12  0:03  Drone  
  13  0:16  Drone  
  14  0:25  Overlord  
  14  0:51  Drone  
  14  0:52  Extractor, Drone x3  
  14  0:55  Drone  
  18  1:03  Drone  
  19  1:11  Drone  
  19  1:13  Drone  
  21  1:28  Drone  
  22  1:34  Overlord  
  22  1:42  Roach Warren  
  22  1:45  Drone  
  22  2:01  Queen  
  22  2:02  Drone x2  
  22  2:05  Extractor  
  22  2:09  Extractor, Drone  
  23  2:16  Drone  
  24  2:27  Drone  
  27  2:40  Drone  
  27  2:47  Drone  
  29  3:02  Drone  
  29  3:06  Overlord  
  30  3:11  Queen  
  30  3:12  Overlord  
  32  3:52  Roach  
  32  3:53  Roach x3  
  40  4:22  Roach x3  
  40  4:26  Overlord  
  46  4:52  Roach x2  
  46  4:53  Roach  
  46  4:54  Lair  
  52  5:05  Roach  
  52  5:08  Overlord  
  52  5:57  Roach x2  
  52  5:58  Roach x3  
  62  6:01  Bloated Bile Ducts  
  62  6:13  Overlord  
  62  6:14  Overlord  
  62  6:17  Overseer  
  62  6:23  Roach  
  62  6:24  Roach x8  
  62  6:25  Roach  
  62  6:29  Roach  
  62  6:41  Ravager  
  62  6:42  Ravager x8  
  62  6:43  Ravager  
  62  6:47  Ravager  
  73  6:58  Drone x2  
  73  6:59  Unknown, Drone  
  76  7:07  Roach  
  74  7:29  Brutalisk  
  68  8:23  Roach  
  68  8:41  Ravager  
  65  9:04  Roach  
  65  9:05  Roach x5  
  65  9:07  Overlord x3  
  77  9:18  Queen  
  77  10:03  Brutalisk  
  55  10:45  Roach  
  55  10:46  Roach x8  
  66  10:58  Ravager  
  63  11:02  Brutalisk  
  62  11:24  Roach  
  62  11:25  Roach x8  
  62  11:37  Overseer  
  62  11:42  Ravager  
  62  11:43  Ravager x8  
  62  11:46  Roach  
  62  11:47  Roach x5  
  83  11:53  Ravager  
  83  11:57  Brutalisk  
  82  12:01  Roach x2  
  82  12:02  Roach x3  
  80  12:19  Ravager x2  
  82  12:20  Ravager x3  
  85  13:14  Roach  
  85  13:15  Roach x7  
  86  13:55  Ravager  
  86  13:59  Brutalisk  
  82  14:50  Queen  
  82  15:06  Roach x6  
  82  15:07  Roach x3  
  102  15:44  Overlord  
  102  15:45  Overlord x2  
  102  15:49  Queen  
  104  16:18  Drone x3  
  104  16:19  Drone  
  104  16:22  Ravager  
  104  16:26  Brutalisk  
  86  16:41  Ravager  
  86  16:45  Brutalisk  
  80  16:53  Spire  
  80  16:55  Spire  
  80  16:57  Infestation Pit  
  75  17:01  Evolution Chamber, Hydriodic Bile  
  69  17:11  Ravager  
  69  17:13  Roach x2  
  69  17:15  Brutalisk  
  62  17:26  Roach x4  
  62  17:27  Roach x4  
  76  17:31  Ravager x2  
  70  17:40  Overseer  
  67  18:09  Roach  
  67  18:10  Roach x7  
  67  18:27  Ravager  
  67  18:28  Ravager x7  
  67  18:29  Roach  
  77  18:30  Roach, Mutalisk x3  
  77  18:31  Roach, Mutalisk  
  89  18:51  Glial Reconstitution  
  89  19:29  Roach x3, Mutalisk x2  
  99  19:30  Roach, Mutalisk  
  99  19:33  Hive  
  99  19:36  Mutalisk  
  103  19:58  Mutalisk  
  100  20:04  Leviathan  
  100  20:05  Roach x2  
  100  20:06  Roach x2  
  100  20:13  Roach x3, Mutalisk x2  
  110  20:23  Ravager x2  
  110  20:24  Ravager x2  
  110  20:26  Leviathan  
  107  20:48  Roach  
  107  20:49  Roach  
  107  21:06  Ravager  
  107  21:07  Ravager  
  108  21:17  Greater Spire  
  108  21:18  Roach x2, Mutalisk x2  
  108  21:19  Roach, Mutalisk x2  
  122  21:31  Mutalisk  
  122  21:59  Leviathan  
  122  22:15  Mutalisk x2  
  126  22:21  Zerg Missile Weapons Level 1  
  126  22:23  Zerg Flyer Weapons Level 1  
  126  22:26  Potent Bile  
  126  22:56  Mutalisk x4  
  124  23:13  Ravager  
  124  23:14  Devourer x2  
  124  23:17  Brutalisk  
  117  23:21  Guardian x2  
  113  23:40  Roach x2, Mutalisk x2  
  113  23:41  Roach x2  
  113  23:44  Overlord x2  
  113  23:45  Overlord  
  113  23:47  Overseer  
  113  23:49  Overseer  
  123  23:55  Roach  
  120  24:17  Brutalisk  
  118  24:32  Roach, Ravager, Mutalisk  
  118  24:33  Roach x2, Mutalisk  
  118  24:36  Brutalisk  
  125  25:09  Roach x2  
  129  25:10  Roach x2  
  129  25:19  Rapid Regeneration  
  133  26:42  Roach x3  
  133  26:43  Roach x2  
Tags
 
Commander
AbathurStukov
Matchup
Co-op
Replay Pack
Multiplayer
Add a new tag
Caveats
  • Supply blocks, unpowered buildings, or Contaminate may cause inaccurate times.
  • Supply counts are checked every 10 seconds.